 Dungeon Crawl Stone Soup version 0.27-a0-668-gb5737ff2c0 (webtiles) character file.

Game seed: 17073827426295525013

19564 Lanoc the Fighter (level 12, -15/88 HPs)
             Began as a Gargoyle Wanderer on Mar 17, 2021.
             Was a Priest of Ashenzari.
             Demolished by a very large slime creature (33 damage)
             ... on level 12 of the Dungeon.
             The game lasted 00:35:13 (16814 turns).

Lanoc the Fighter (Gargoyle Wanderer)              Turns: 16814, Time: 00:35:13

Health: -15/88     AC: 17    Str: 26    XL:     12   Next: 70%
Magic:  25/27      EV: 14    Int: 17    God:    Ashenzari [***...]
Gold:   1011       SH:  4    Dex:  8    Spells: 16/20 levels left

rFire    x . .     SeeInvis +   E - +9 mace "Sibylline Mutualism" {holy, rF- Str+8 Stlth+, Evo, Melee} (curse)
rCold    + + .     Faith    .   d - +0 buckler of the Shattered God {Melee, Comp} (curse)
rNeg     + . .     Spirit   .   g - +2 robe of the Cosmic Irritation {rC+ rF+, Elem, Range} (curse)
rPois    ∞         Reflect  .   (no helmet)
rElec    +         Harm     .   n - +1 cloak of the Lashed Oracle {Will+, Self, Evo} (curse)
rCorr    .         Rampage  .   (no gloves)
Will     +....     Clarity  +   F - +1 pair of boots
Stlth    ++........             (no amulet)
HPRegen  0.24/turn              v - ring "Chained Together" {MP+9, Fort, Evo} (curse)
MPRegen  0.20/turn              G - ring of ice

@: frozen ramparts
A: AC +8, negative energy resistance 1, electricity resistance, torment
resistance 1, unbreathing 1, petrification resistance
a: Renounce Religion, Curse Item, Shatter the Chains


You were on level 12 of the Dungeon.
You worshipped Ashenzari.
Ashenzari was most pleased with you.
You visited 2 branches of the dungeon, and saw 13 of its levels.
You also visited: Sewer and Ossuary.

You collected 1011 gold pieces.

Inventory:

Hand Weapons
 E - the cursed +9 mace "Sibylline Mutualism" (weapon) {holy, rF- Str+8 Stlth+, Evo, Melee}
   (You found it on level 10 of the Dungeon)

   It has been blessed by the Shining One to cause great damage to the undead
   and demons.
   It affects your strength (+8).
   It makes you vulnerable to fire.
   It makes you more stealthy.
   It has a curse placed upon it.
Missiles
 D - a curare-tipped dart
Armour
 d - the cursed +0 buckler of the Shattered God (worn) {Melee, Comp}
   (You took it off a goblin on level 3 of the Dungeon)

   It has a curse placed upon it.
 g - the cursed +2 robe of the Cosmic Irritation (worn) {rC+ rF+, Elem, Range}
   (You took it off Jessica on level 2 of the Dungeon)

   It has a curse placed upon it.
 n - the cursed +1 cloak of the Lashed Oracle (worn) {Will+, Self, Evo}
   (You took it off Maurice on level 8 of the Dungeon)

   It has a curse placed upon it.
 F - a +1 pair of boots (worn)
Jewellery
 i - a ring of resist corrosion
 v - the cursed ring "Chained Together" (right hand) {MP+9, Fort, Evo}
   (You found it in an ossuary)

   [ring of magical power]

   It affects your magic capacity (+9).
   It has a curse placed upon it.
 G - a ring of ice (left hand)
 H - a ring of positive energy
Wands
 l - a wand of digging (12)
 x - a wand of polymorph (13)
 y - a wand of random effects (55)
 B - a wand of acid (15)
 I - a wand of flame (12)
Scrolls
 c - 2 scrolls of fog
 f - 5 scrolls of enchant armour
 h - 4 scrolls of magic mapping
 j - 3 scrolls of blinking
 o - a scroll of immolation
 q - 4 scrolls of summoning
 r - 2 scrolls of amnesia
 z - 2 scrolls of holy word
Potions
 a - 2 potions of brilliance
 b - 3 potions of flight
 e - a potion of resistance
 k - 2 potions of ambrosia
 m - a potion of invisibility
 p - a potion of magic
 s - 3 potions of haste
 t - 4 potions of curing
 u - 2 potions of heal wounds
 w - a potion of mutation
 A - a potion of might
 J - a potion of cancellation
Miscellaneous
 C - a box of beasts


   Skills:
 + Level 13.9(15.4) Fighting
 - Level 1.7(3.8) Axes
 - Level 1.4(2.7) Throwing
 - Level 1.8(3.2) Armour
 + Level 11.1 Dodging
 - Level 3.2(4.9) Shields
 - Level 3.0(4.6) Spellcasting
 - Level 8.1(10.0) Ice Magic
 - Level 1.2(2.4) Earth Magic
 - Level 1.0(3.1) Evocations


You had 16 spell levels left.
You knew the following spells:

 Your Spells              Type           Power      Damage    Failure   Level
a - Freeze                Ice            100%       1d11      1%          1
b - Frozen Ramparts       Ice            100%       1d12      1%          3

Your spell library contained the following spells:

 Spells                   Type           Power      Damage    Failure   Level
 Sandblast                Erth           24%        2d8       5%          1
 Foxfire                  Conj/Fire      16%        2x1d4     14%         1
 Passwall                 Tmut/Erth      6%         N/A       14%         2
 Magic Dart               Conj           12%        1d3       16%         1
 Call Imp                 Summ           4%         N/A       21%         2
 Blink                    Tloc           N/A        N/A       22%         2
 Searing Ray              Conj           6%         3d3       22%         2
 Slow                     Hex            3%         N/A       22%         2
 Stone Arrow              Conj/Erth      16%        3d8       26%         3
 Conjure Flame            Conj/Fire      4%         6-21      38%         3
 Inner Flame              Hex/Fire       4%         N/A       38%         3
 Dazzling Flash           Conj/Hex       6%         N/A       41%         3
 Mephitic Cloud           Conj/Pois/Air  4%         N/A       41%         3
 Petrify                  Tmut/Erth      8%         N/A       65%         4
 Sticky Flame             Conj/Fire      4%         2d3       80%         4
 Cause Fear               Hex            1%         N/A       83%         4
 Fulminant Prism          Conj/Hex       1%         3d6       83%         4
 Iskenderun's Mystic Bla  Conj/Tloc      3%         2d3       83%         4
 Lee's Rapid Deconstruct  Erth           6%         3d7*      83%         5
 Fireball                 Conj/Fire      2%         3d4       98%         5
 Silence                  Hex/Air        2%         N/A       98%         5
 Yara's Violent Unravell  Hex/Tmut       1%         3d3       99%         5
 Discord                  Hex            1%         N/A       100%        8


Dungeon Overview and Level Annotations

Branches:
Dungeon (12/15)            Temple (1/1) D:7            Lair (0/6) D:10
    Orc (0/2) D:11          Sewer (visited)         Ossuary (visited)

Altars:
Ashenzari
Cheibriados
Dithmenos
Elyvilon
Fedhas
Gozag
Hepliaklqana
Kikubaaqudgha
Makhleb
Nemelex Xobeh
Okawaru
Qazlal
Ru
Sif Muna
Trog
Uskayaw
Vehumet
Wu Jian
Xom
Yredelemnul
Zin
The Shining One

Shops:
D:10 [=   D:12 (

Annotations:
D:3 1 runed translucent door, wakim's ghost, amateur GrVM
D:9 1 runed translucent door


Innate Abilities, Weirdness & Mutations

Your stone body is resilient. (AC +8)
You are immune to poison.
You resist negative energy. (rN+)
You are resistant to electric shocks. (rElec)
You are resistant to unholy torment.
You can survive without breathing.
You are immune to petrification.


Message History

You sock the very large slime creature!
The very large slime creature is severely wounded.
You thump the very large slime creature!
The very large slime creature is severely wounded.
The very large slime creature hits you!
The very large slime creature hits you!!!
* * * LOW HITPOINT WARNING * * *
A slime creature comes into view. x2
A slime creature suddenly becomes a large slime creature.
A slime creature suddenly becomes a very large slime creature.
Casting: Frozen Ramparts (safe; 1% risk of failure)
Confirm with . or Enter, or press ? or * to list all spells.
Casting: Frozen Ramparts (safe; 1% risk of failure)
Press: ? - help, Dir - look around, f - activate You feel a surge of power!
The walls around you are covered in ice.
The wall freezes the very large slime creature!
You hit the very large slime creature.
The very large slime creature is severely wounded.
The bullfrog skeleton resists.
The wall freezes the bullfrog skeleton.
The wall freezes the very large slime creature!
The very large slime creature barely misses you.
The bullfrog skeleton completely resists.
The wall freezes the bullfrog skeleton but does no damage.
The wall freezes the very large slime creature.
The very large slime creature barely misses you.
You hit the very large slime creature.
The very large slime creature is severely wounded.
The wall freezes the bullfrog skeleton but does no damage.
The wall freezes the very large slime creature.
The very large slime creature hits you!
* * * LOW HITPOINT WARNING * * *
The bullfrog skeleton completely resists.
The wall freezes the bullfrog skeleton but does no damage.
You thump the very large slime creature!
The very large slime creature is almost dead.
The bullfrog skeleton resists.
The wall freezes the bullfrog skeleton.
The wall freezes the very large slime creature.
The very large slime creature hits you!!
You die...

, ### ######## * #.# #.......
, , * ####.# #....... *######.
###....######....... , ......
,.. .... .........). #.....
#.##.#########.#..
###.##.#####.................
,...........####.#########.#..
, #.......ZJ@......######.###
##.....#.##.##............. ,
#...#.#.#................# *
..#####.#.#.#...#...........<.
........#Z#.#.^...########.#.#
* .######.#.#.####### #.#.# *
####)#...##############.#.# *
#...>......................
#.#..##.#################.#


You could see a very large slime creature and a bullfrog skeleton.

Vanquished Creatures
  Harold (D:8)
  Erolcha (D:12)
  A centaur warrior (D:9)
  2 two-headed ogres
  2 unseen horrors
  A cyclops (D:11)
  A manticore (D:12)
  An ugly thing (D:9)
  Maurice (D:8)
  2 gargoyles
  A komodo dragon (D:10)
  3 trolls
  A hornet (D:12)
  Prince Ribbit (D:7)
  Sigmund (D:2)
  21 yaks
  2 shadows (D:11)
  2 wraiths (D:9)
  A basilisk (D:10)
  2 wyverns (D:10)
  A two-headed ogre zombie (D:11)
  An acid dragon (D:9)
  Purgy (Sewer)
  7 orc warriors
  A necrophage (D:7)
  3 ice beasts
  3 sky beasts
  A swamp drake (D:10)
  10 centaurs
  12 ogres
  3 phantoms
  2 elf zombies (Ossuary)
  2 kobold brigands
  9 bullfrogs
  A wyvern zombie (D:11)
  A wyvern skeleton (D:12)
  4 scorpions
  2 troll zombies (D:11)
  16 wights
  7 killer bees
  3 howler monkeys (D:9)
  2 quasits
  A centaur zombie (D:12)
  6 hounds
  A bullfrog skeleton (D:8)
  2 jellies
  4 orc priests
  Jessica (D:2)
  4 centaur skeletons
  6 orc wizards
  2 iguanas
  13 worker ants
  5 ogre zombies (D:11)
  3 hound skeletons
  5 mummies
  A worker ant zombie (D:9)
  Robin (D:4)
  11 adders
  7 gnolls
  A howler monkey skeleton (D:7)
  A river rat (D:6)
  2 shadow imps (D:5)
  2 white imps (D:5)
  An ufetubus (D:7)
  2 adder skeletons
  An adder zombie (D:9)
  2 worms
  A dart slug (D:2)
  8 leopard geckos
  63 orcs
  3 ball pythons
  6 giant cockroaches
  8 hobgoblins
  20 jackals
  2 quokkas (D:8)
  4 bats
  3 frilled lizards
  13 goblins
  9 goblin zombies
  3 hobgoblin skeletons (D:11)
  A hobgoblin zombie (Ossuary)
  3 jackal zombies (Ossuary)
  22 kobolds
  2 kobold zombies (Ossuary)
  A leopard gecko skeleton (D:6)
  2 orc skeletons (D:11)
  12 orc zombies (D:11)
  3 quokka skeletons
  7 rats
  2 rat zombies (Ossuary)
423 creatures vanquished.

Vanquished Creatures (others)
  A yak (D:10)
  An orc (D:9)
  5 plants (D:6)
  4 toadstools (D:1)
11 creatures vanquished.

Grand Total: 434 creatures vanquished

Notes
Turn   | Place    | Note
-------+----------+-------------------------------------------
     0 | D:1      | Lanoc the Gargoyle Wanderer began the quest for the Orb.
     0 | D:1      | Lanoc set off with the following items: a +0 club, a potion
                  | of lignification, a +2 scale mail; and the following spell
                  | memorised: Freeze; and the following spells available to
                  | memorise: Frozen Ramparts
     0 | D:1      | Reached XP level 1. HP: 10/10 MP: 4/4
   209 | D:1      | Reached XP level 2. HP: 16/16 MP: 6/6
   287 | D:1      | Reached skill level 1 in Fighting
   542 | D:2      | Found a glowing silver altar of Zin.
   868 | D:2      | Reached XP level 3. HP: 1/20 MP: 1/7
   872 | D:2      | Learned a level 3 spell: Frozen Ramparts
  1195 | D:2      | Noticed Jessica
  1207 | D:2      | Killed Jessica
  1208 | D:2      | Reached skill level 1 in Dodging
  1320 | D:2      | Reached XP level 4. HP: 26/26 MP: 3/8
  1441 | D:2      | Found a broken altar of Ashenzari.
  1451 | D:2      | Became a worshipper of Ashenzari the Shackled
  1679 | D:2      | Noticed Sigmund
  1701 | D:2      | Killed Sigmund
  1702 | D:2      | Reached skill level 2 in Fighting
  1702 | D:2      | Reached XP level 5. HP: 7/32 MP: 0/9
  1702 | D:2      | Reached XP level 6. HP: 8/36 MP: 0/10
  2059 | D:2      | Reached skill level 3 in Fighting
  2221 | D:3      | Found a runed translucent door.
  2223 | D:3      | Noticed wakim's ghost (amateur GrVM)
  3058 | D:3      | Reached * piety under Ashenzari
  3253 | D:4      | Identified the +2 war axe "Teteudix" {flame, rF+}
  3290 | D:4      | HP: 1/37 [phantom (7)]
  3310 | D:4      | Found a stormy altar of Qazlal.
  3623 | D:4      | Found an iron altar of Okawaru.
  3634 | D:4      | Reached XP level 7. HP: 37/41 MP: 7/11
  3904 | D:4      | Noticed Robin
  3918 | D:4      | Killed Robin
  3919 | D:4      | Reached skill level 5 in Ice Magic
  4620 | D:5      | Entered Level 5 of the Dungeon
  4626 | D:5      | Reached skill level 4 in Fighting
  4993 | D:5      | Reached XP level 8. HP: 17/48 MP: 9/12
  5352 | D:5      | Found a blossoming altar of Fedhas.
  5508 | D:5      | Reached skill level 5 in Fighting
  6000 | D:6      | Found a glowing drain.
  6018 | Sewer    | Entered a sewer
  6087 | Sewer    | Noticed Purgy
  6092 | Sewer    | Killed Purgy
  6219 | D:6      | Reached XP level 9. HP: 22/55 MP: 9/13
  6224 | D:6      | Reached ** piety under Ashenzari
  6238 | D:6      | Found a sand-covered staircase.
  6249 | Ossuary  | Entered an ossuary
  6369 | Ossuary  | Reached skill level 6 in Fighting
  6756 | D:6      | Found a shimmering altar of Xom.
  6892 | D:6      | Reached skill level 5 in Dodging
  6973 | D:6      | Found a white marble altar of Elyvilon.
  7080 | D:6      | Noticed an unseen horror
  7087 | D:6      | Killed an unseen horror
  7088 | D:6      | Reached skill level 7 in Fighting
  7500 | D:7      | Reached skill level 8 in Fighting
  7672 | D:7      | Found an opulent altar of Gozag.
  8027 | D:7      | Found a staircase to the Ecumenical Temple.
  8036 | Temple   | Entered the Ecumenical Temple
  8554 | D:7      | Reached XP level 10. HP: 65/65 MP: 14/14
  9048 | D:7      | Reached skill level 9 in Fighting
  9234 | D:7      | Noticed Prince Ribbit
  9239 | D:7      | Killed Prince Ribbit
  9461 | D:7      | Found a burning altar of Makhleb.
 10281 | D:8      | Noticed Maurice
 10287 | D:8      | Paralysed by Maurice for 2 turns
 10381 | D:8      | Reached skill level 1 in Shields
 10636 | D:8      | Noticed a two-headed ogre
 10641 | D:8      | Killed a two-headed ogre
 10642 | D:8      | Reached skill level 10 in Fighting
 10897 | D:8      | Found a glowing golden altar of the Shining One.
 10941 | D:8      | Noticed Harold
 10952 | D:8      | Killed Harold
 11125 | D:8      | Found a hazy altar of Hepliaklqana.
 11347 | D:9      | Noticed a red ugly thing
 11350 | D:9      | Reached XP level 11. HP: 73/73 MP: 15/15
 11351 | D:9      | Noticed a centaur warrior
 11552 | D:8      | Paralysed by Maurice for 7 turns
 11560 | D:8      | Paralysed by Maurice for 6 turns
 11569 | D:8      | Killed Maurice
 11580 | D:8      | Reached *** piety under Ashenzari
 11764 | D:9      | Found a radiant altar of Vehumet.
 11880 | D:9      | Reached skill level 11 in Fighting
 12253 | D:9      | Identified the +5 dagger of Uhovolef {pain, *Drain rF+
                  | Str+3 Int+3}
 12260 | D:9      | Killed a red ugly thing
 12529 | D:9      | Found a runed translucent door.
 12774 | D:9      | Killed a centaur warrior
 13946 | D:9      | Found a white marble altar of Elyvilon.
 14004 | D:10     | Entered Level 10 of the Dungeon
 14011 | D:10     | Reached skill level 12 in Fighting
 14126 | D:10     | Found Kootathre's Antique Armour Emporium.
 14482 | D:10     | Noticed an unseen horror
 14488 | D:10     | Killed an unseen horror
 14499 | D:10     | Found Parranwu's Jewellery Boutique.
 14591 | D:10     | Reached skill level 10 in Dodging
 14591 | D:10     | Reached XP level 12. HP: 69/85 MP: 18/18
 14686 | D:10     | Found a staircase to the Lair.
 14688 | D:10     | Identified the +9 mace of Drought {holy, rF- Str+8 Stlth+}
 15235 | D:11     | Reached skill level 13 in Fighting
 15535 | D:11     | Found a staircase to the Orcish Mines.
 16493 | D:12     | Found Poabb's Antique Weapon Shop.
 16558 | D:12     | Noticed Erolcha
 16558 | D:12     | Noticed a two-headed ogre
 16570 | D:12     | Killed a two-headed ogre
 16579 | D:12     | Killed Erolcha
 16814 | D:12     | Demolished by a very large slime creature

Illustrated notes

Levels and vault maps discovered:
D:1:      ldierk_walled_garden_2, layout_basic
D:2:      layout_basic, ashenzari_altar_1, lemuel_altar_in_water2, uniq_jessica,
          uniq_sigmund
D:3:      layout_basic, ebering_ghost_reflecting_pool
D:4:      layout_loops_corners, okawaru_metal_pillars_3, grunt_qazlal_sundering,
          kennysheep_generic_room_8, uniq_robin
D:5:      layout_cave_pools, fedhas_altar_fruit_tree
D:6:      layout_rooms, lemuel_doored_altar, gup_ossuary_entry_pyramid,
          serial_bayou, serial_bayou_shore_b, serial_bayou_pond_d,
          serial_bayou_pond_a, serial_bayou_pond_d, portal_sewer_entry_a,
          grunt_ministairs_15, elyvilon_altar_1
D:7:      wander_river, layout_basic, kennysheep_mini,
          minmay_temple_entry_poolview, makhleb_blood_cavern_becter,
          uniq_prince_ribbit1
D:8:      layout_loops_ring, marbit_many_paths, roderic_serpentine_path,
          nicolae_tso_carved_into_rock, uniq_harold, uniq_maurice
D:9:      minmay_the_grid_four_pointed_star_mashed
          [minmay_the_grid_triangle_9x9_checkered,
          minmay_the_grid_triangle_9x9_corrupted_corridor,
          minmay_the_grid_triangle_9x9_subtriangle,
          minmay_the_grid_triangle_9x9_sparse_checkered,
          minmay_the_grid_prize_four_corners], layout_loops_ring, minitemple,
          special_room [special_room_orc], grunt_tough_drop
D:10:     layout_loops_ring, erik_lair_dragon, serial_shops, shop, shop,
          grunt_ministairs_5
D:11:     layout_basic, zombieorc2_lemuel, serial_park_tiny_pond
D:12:     layout_basic, serial_shops, shop_statue, uniq_erolcha
Temple:   minmay_temple_forest_path

Skill      XL: |  1  2  3  4  5  6  7  8  9 10 11 12 |
---------------+-------------------------------------+-----
Fighting       | 1 2 3 4 5 8 10 12 13 | 13.9
Dodging        | 1 2 3 4 6 8 10 11 | 11.1
Ice Magic      | 3 4 5 7 8 |  8.1
Shields        | 3 |  3.2
Axes           | |  1.7
Throwing       | |  1.4
Armour         | |  1.8
Spellcasting   | |  3.0
Earth Magic    | |  1.2
Evocations     | |  1.0

Action                   |  1- 3 |  4- 6 |  7- 9 | 10-12 || total
-------------------------+-------+-------+-------+-------++-------
Melee: Club              |   125 |    96 |       |       ||   221
       War axe           |       |    15 |   270 |   284 ||   569
       Mace              |       |       |       |   156 ||   156
 Cast: Freeze            |    11 |     7 |       |       ||    18
       Frozen Ramparts   |     1 |    18 |    50 |    99 ||   168
Invok: Curse Item        |       |     2 |     3 |     2 ||     7
       Shatter the Chain |       |     1 |       |     1 ||     2
  Use: Potion            |       |     3 |       |     1 ||     4
       Scroll            |       |       |       |     1 ||     1
 Stab: Sleeping          |       |       |       |     1 ||     1
Armor: Scale mail        |    95 |       |       |       ||    95
       Robe              |     6 |    43 |   144 |   191 ||   384
       Skin              |       |     2 |       |       ||     2
Dodge: Dodged            |   112 |    95 |   230 |   391 ||   828
Block: Buckler           |       |       |    16 |    94 ||   110

Table legend: (Time is in decaauts)
 A = Elapsed time spent in this place.
 B = Non-inter-level travel time spent in this place.
 C = Inter-level travel time spent in this place.
 D = Time resting spent in this place.
 E = Time spent auto-exploring this place.
 F = Levels seen in this place.
 G = Mean time per level.
                   A        B        C        D        E       F      G
               +--------+--------+--------+--------+--------+-----+--------+
         Total |  17175 |  16736 |    439 |    860 |  12674 |  15 | 1145.0 |
       Dungeon |  16078 |  15701 |    377 |    860 |  12027 |  12 | 1339.8 |
        Temple |    447 |    385 |     62 |      0 |    381 |   1 |  447.0 |
         Sewer |    167 |    167 |      0 |      0 |      0 |   1 |  167.0 |
       Ossuary |    481 |    481 |      0 |      0 |    266 |   1 |  481.0 |
               +--------+--------+--------+--------+--------+-----+--------+

Top non-repeatable levels by time:
     D:9: 2238 daAuts
     D:8: 2176 daAuts
     D:7: 1940 daAuts
     D:4: 1515 daAuts
     D:2: 1442 daAuts
     D:5: 1352 daAuts
    D:10: 1212 daAuts
    D:11: 1206 daAuts
     D:3: 914 daAuts
     D:1: 821 daAuts
     D:6: 802 daAuts
 Ossuary: 481 daAuts
    D:12: 456 daAuts
  Temple: 447 daAuts
   Sewer: 167 daAuts
